 Dungeon Crawl Stone Soup version 0.28.0 (webtiles) character file.

Game seed: 10200665541985809911

732 browni3141 the Chopper (level 7, -3/63 HPs)
             Began as a Minotaur Berserker on Feb 11, 2022.
             Was an Elder of Trog.
             Slain by Eustachio (4 damage)
             ... on level 5 of the Dungeon.
             The game lasted 00:02:13 (4629 turns).

browni3141 the Chopper (Minotaur Berserker)         Turns: 4629, Time: 00:02:13

Health: -3/63      AC: 11    Str: 22    XL:     7   Next: 45%
Magic:  6/6        EV:  9    Int:  4    God:    Trog [****..]
Gold:   76         SH:  0    Dex: 11    Spells: 6/6 levels left

rFire   . . .      SeeInvis .   a - +0 hand axe
rCold   . . .      Faith    .   (no shield)
rNeg    . . .      Spirit   .   i - +0 chain mail
rPois   .          Reflect  .   (helmet restricted)
rElec   .          Harm     .   k - +0 cloak {rCorr}
rCorr   +          Rampage  .   (no gloves)
Will    .....                   (no boots)
Stlth   ..........              (no amulet)
HPRegen 0.20/turn               (no ring)
MPRegen 0.10/turn               (no ring)

@: on berserk cooldown, slowed, very slow
A: horns 2, retaliatory headbutt
a: Renounce Religion, Berserk, Trog's Hand, Brothers in Arms


You were on level 5 of the Dungeon.
You worshipped Trog.
Trog was greatly pleased with you.
You visited 1 branch of the dungeon, and saw 5 of its levels.
You also visited: Sewer.

You collected 76 gold pieces.

Inventory:

Hand Weapons
 a - a +0 hand axe (weapon)
Armour
 b - a +0 animal skin
 i - a +0 chain mail (worn)
 k - a +0 cloak of preservation (worn)
Wands
 j - a wand of mindburst (9)
Scrolls
 d - a scroll of blinking {unknown}
 e - 5 scrolls of teleportation {unknown}
 f - a scroll of torment {unknown}
 g - 3 scrolls of identify {unknown}
 l - a scroll of fear {unknown}
 m - 4 scrolls of noise {unknown}
 t - a scroll of vulnerability {unknown}
 v - a scroll of fog {unknown}
 x - a scroll of amnesia {unknown}
Potions
 c - a potion of ambrosia {unknown}
 h - a potion of lignification {unknown}
 n - a potion of curing {unknown}
 o - 2 potions of heal wounds
 p - 3 potions of haste {unknown}
 q - a potion of might {unknown}
 r - a potion of experience {unknown}
 s - a potion of invisibility
 u - a potion of mutation {unknown}
 w - a potion of brilliance {unknown}


   Skills:
 + Level 6.0 Fighting
 + Level 6.1 Axes
 + Level 5.5 Armour
 + Level 5.0 Dodging


You had 6 spell levels left.
You didn't know any spells.
Your spell library was empty.

Dungeon Overview and Level Annotations

Branches:
Dungeon (5/15)              Sewer (visited)
 Temple: D:4-7

Altars:
Cheibriados

Annotations:
D:5 Eustachio


Innate Abilities, Weirdness & Mutations

You have a pair of horns on your head.
You reflexively headbutt those who attack you in melee.


Message History

The orc priest hits you with a +0 morningstar.
The rat misses you. The orc hits you but does no damage.
Unknown command.
You hit the orc priest. Your headbutt misses the orc priest.
The orc priest is heavily wounded.
You closely miss the orc. You barely miss the rat. You miss something.
The rat closely misses you.
The orc priest miscasts a cantrip.
The orc barely misses you.
The crimson imp hits you but does no damage.
Something hits you but does no damage.
The quokka twitches its whiskers.
Unknown command.
You're too confused to move!
The crimson imp disappears in a puff of smoke!
The rat bites you. The orc priest closely misses you.
The orc hits you but does no damage. The orc closely misses you.
Something hits you but does no damage.
The orc priest invokes the aid of Beogh against you.
Beogh smites you!
* * * LOW HITPOINT WARNING * * *
The orc hits you with a +0 dagger.
* * * LOW HITPOINT WARNING * * *
Unknown command.
You bump into the rock wall.
You feel less confused.
The quokka twitches its whiskers.
The orc hits you but does no damage. Eustachio hits you with a +0 falchion.
* * * LOW HITPOINT WARNING * * *
You hear some strange, mumbled words.
Something tries to affect you, but you resist.
The rat twitches its whiskers.
The orc priest hits you with a +0 morningstar.
* * * LOW HITPOINT WARNING * * *
The river rat barely misses you. You furiously retaliate!
You headbutt the river rat. The orc hits you but does no damage.
The orc hits you with a +0 flail.
* * * LOW HITPOINT WARNING * * *
Eustachio hits you with a +0 falchion.
You die...

#..# . #...## .#
...... .. . #######
#..≈≈≈. .# .#
#.....####...≈(≈ .##
. #.....##.....≈≈≈
..### .#
#....orr...#
....##.#
#...o.r##.#####
.......#
#...@@or......#
.....###
#....o###.###.....
.#...## #######...#
##. .##...#### #.###
)...#....#### ####.#
##..####....###..).#
).......>.......####
##...######.##..##
#.#.# #..........


You could see Eustachio, an orc priest, a river rat (summoned), 3 orcs, 2
quokkas and a rat (summoned).

Vanquished Creatures
  A kobold brigand (Sewer)
  2 scorpions (D:4)
  A water moccasin zombie (D:5)
  A bullfrog zombie (D:5)
  Crazy Yiuf (D:2)
  A gnoll shaman (D:5)
  An iguana (D:5)
  3 orc wizards
  A hound skeleton (D:5)
  5 gnolls (D:5)
  8 river rats
  4 adders
  An ufetubus (D:4)
  2 worms
  A dart slug (D:2)
  9 orcs
  6 endoplasms
  2 giant cockroaches
  4 goblins
  3 hobgoblins
  4 jackals (D:3)
  11 quokkas
  10 ball pythons
  7 bats
  4 frilled lizards
  13 kobolds
  30 rats
136 creatures vanquished.

Notes
Turn   | Place    | Note
-------+----------+-------------------------------------------
     0 | D:1      | browni3141 the Minotaur Berserker began the quest for the
                  | Orb.
     0 | D:1      | Reached XP level 1. HP: 19/19 MP: 0/0
   344 | D:1      | Reached XP level 2. HP: 23/27 MP: 1/1
  1396 | D:2      | Reached XP level 3. HP: 33/33 MP: 2/2
  1492 | D:2      | Found a runed translucent door.
  1493 | D:2      | Noticed Crazy Yiuf
  1638 | D:2      | Reached ** piety under Trog
  1823 | D:2      | Killed Crazy Yiuf
  1824 | D:2      | Reached XP level 4. HP: 40/40 MP: 3/3
  2489 | D:3      | Found a snail-covered altar of Cheibriados.
  2624 | D:4      | Found a glowing drain.
  2643 | D:4      | Reached XP level 5. HP: 36/47 MP: 4/4
  2714 | Sewer    | Entered a sewer
  2947 | Sewer    | Reached skill level 5 in Fighting
  2947 | Sewer    | Reached skill level 5 in Axes
  3016 | Sewer    | Reached XP level 6. HP: 56/56 MP: 5/5
  3019 | Sewer    | Reached *** piety under Trog
  3766 | D:4      | Reached **** piety under Trog
  4016 | D:4      | Reached skill level 5 in Armour
  4016 | D:4      | Reached XP level 7. HP: 60/62 MP: 6/6
  4319 | D:5      | Entered Level 5 of the Dungeon
  4598 | D:5      | Noticed Eustachio
  4605 | D:5      | Reached skill level 5 in Dodging
  4629 | D:5      | HP: 1/63 [orc (6)]
  4629 | D:5      | Slain by Eustachio

Illustrated notes

Levels and vault maps discovered:
D:1:      dpeg_arrival_fog, layout_loops_ring
D:2:      minmay_evil_eye, layout_basic, uniq_crazy_yiuf_cottage
D:3:      layout_rooms, cheibrodos_worm_habitat
D:4:      layout_basic, portal_sewer_entry_a, serial_forest,
          infiniplex_forest_corner_1, infiniplex_forest_straight_4,
          infiniplex_forest_lined_2, infiniplex_forest_clump_cross,
          infiniplex_forest_corner_2, infiniplex_forest_lined_2
D:5:      layout_rooms, mainiacjoe_overflow_two_lobes,
          corexii_item_surrounded_by_moat, uniq_grinder, uniq_eustachio

Skill      XL: |  1  2  3  4  5  6  7 |
---------------+----------------------+-----
Fighting       | 4 5 6 |  6.0
Axes           | 4 5 6 |  6.1
Armour         | 3 4 5 |  5.5
Dodging        | 3 4 5 |  5.0

Action                   |  1- 3 |  4- 6 |  7- 9 || total
-------------------------+-------+-------+-------++-------
Melee: Hand axe          |    74 |   173 |    34 ||   281
       Headbutt          |    10 |    17 |     5 ||    32
       Punch             |       |     4 |     1 ||     5
Invok: Berserk           |     1 |     4 |     2 ||     7
  Use: Potion            |       |       |     1 ||     1
Armor: Animal skin       |     9 |       |       ||     9
       Chain mail        |    14 |   143 |    48 ||   205
Dodge: Dodged            |    41 |   101 |    31 ||   173
